 Dungeon Sprint DCSS version 0.27-a0-1378-gdefffd1ff6 (webtiles) character file.

Game seed: 2959563110015898334

9976 mhtbhm the Sorcerer (level 11, -3/56 HPs)
             Began as a Deep Elf Earth Elementalist on June 29, 2021.
             Was the Champion of Vehumet.
             Slain by a golden dragon (12 damage)
             ... in the Dungeon (Sprint I: "Red Sonja").
             The game lasted 00:06:52 (3169 turns).

mhtbhm the Sorcerer (Deep Elf Earth Elementalist)   Turns: 3169, Time: 00:06:53

Health: -3/56      AC:  7    Str:  5    XL:     11   Next: 30%
Magic:  10/38      EV: 15    Int: 24    God:    Vehumet [******]
Gold:   1148       SH:  5    Dex: 15    Spells: 33/53 levels left

rFire    + . .     SeeInvis .   l - +2 dagger (venom)
rCold    + . .     Faith    .   (no shield)
rNeg     . . .     Spirit   .   b - +2 robe {rC+}
rPois    .         Reflect  +   m - +2 helmet of Uckeuwk {Rampage}
rElec    .         Harm     .   (no cloak)
rCorr    .         Rampage  +   (no gloves)
Will     +....     NoTele   +   (no boots)
Stlth    ++++......             u - amulet of reflection
HPRegen  0.18/turn              t - ring of protection from fire
MPRegen  0.26/turn              (no ring)

@: no status effects
A: no striking features
a: Renounce Religion


You were in the Dungeon.
You worshipped Vehumet.
Vehumet was exalted by your worship.
You visited 1 branch You collected 2224 gold pieces.
You spent 1076 gold pieces at shops.

Inventory:

Hand Weapons
 l - a +2 dagger of venom (weapon)
Missiles
 g - a throwing net
 i - 89 stones
 j - 10 curare-tipped darts (quivered)
Armour
 b - a +2 robe of cold resistance (worn)
 m - the +2 helmet of Uckeuwk (worn) {Rampage}
   (You bought it in a shop in the Dungeon)

   Rampage:   It bestows one free step when moving towards enemies.
Jewellery
 t - a ring of protection from fire (left hand)
 u - an amulet of reflection (around neck)
Wands
 a - a wand of polymorph (7)
 k - a wand of mindburst (34)
 q - a wand of flame (14)
Scrolls
 h - 2 scrolls of blinking
 o - a scroll of amnesia {unknown}
 p - a scroll of identify {unknown}
 s - a scroll of holy word
 v - a scroll of magic mapping {unknown}
Potions
 c - 3 potions of curing
 d - a potion of flight {unknown}
 e - a potion of haste
 f - 2 potions of magic
 n - a potion of cancellation {unknown}
Miscellaneous
 r - a condenser vane


   Skills:
 + Level 1.5 Fighting
 + Level 0.6 Short Blades
 + Level 6.6 Dodging
 + Level 8.6 Stealth
 + Level 3.6 Unarmed Combat
 + Level 21.8 Spellcasting
 + Level 5.3 Transmutations
 + Level 18.7 Earth Magic


You had 33 spell levels left.
You knew the following spells:

 Your Spells              Type           Power      Damage    Failure   Level
a - Sandblast             Erth           100%       2d20      0%          1
b - Passwall              Tmut/Erth      59%        N/A       0%          2
c - Stone Arrow           Conj/Erth      100%       3d13      1%          3
d - Lee's Rapid Deconstr  Erth           43%        3d22*     0%          5
e - Petrify               Tmut/Erth      71%        N/A       1%          4
f - Freezing Cloud        Conj/Ice/Air   13%        6-21      11%         5

Your spell library contained the following spells:

 Spells                   Type           Power      Damage    Failure   Level
 Orb of Destruction       Conj           13%        9d6       95%         7


Dungeon Overview and Level Annotations

Branches:
Dungeon (1/1)

Altars:
Cheibriados
Dithmenos
Elyvilon
Fedhas
Gozag
Hepliaklqana
Kikubaaqudgha
Makhleb
Nemelex Xobeh
Okawaru
Qazlal
Ru
Sif Muna
Trog
Uskayaw
Vehumet
Wu Jian
Xom
Yredelemnul
Zin
The Shining One
Jiyva
Lugonu

Shops:
D *(=[*(*[==:[[(([[


Message History

A rock wall.
The wall shatters!
The blast of rock fragments hits the golden dragon!
The golden dragon is moderately wounded.
The golden dragon breathes fire at you. The bolt of fire hits you! You resist.
Unknown command.
Casting: Lee's Rapid Deconstruction (safe; 0% risk of failure)
Confirm with . or Enter, or press ? or * to list all spells.
Aiming: Lee's Rapid Deconstruction (safe; 0% risk of failure)
Press: ? - help, Dir - move target A rock wall.
The wall shatters!
The blast of rock fragments hits the golden dragon!!
The golden dragon is heavily wounded.
Unknown command.
Unknown command.
Casting: Lee's Rapid Deconstruction (safe; 0% risk of failure)
Confirm with . or Enter, or press ? or * to list all spells.
Aiming: Lee's Rapid Deconstruction (safe; 0% risk of failure)
Press: ? - help, Dir - move target A rock wall.
The wall shatters!
The blast of rock fragments hits the golden dragon!
The golden dragon is severely wounded.
The golden dragon bites you!! The golden dragon closely misses you.
The golden dragon tramples you!
* * * LOW HITPOINT WARNING * * *
You stumble backwards!
Unknown command.
Casting: Lee's Rapid Deconstruction (safe; 0% risk of failure)
Confirm with . or Enter, or press ? or * to list all spells.
Aiming: Lee's Rapid Deconstruction (safe; 0% risk of failure)
Press: ? - help, Dir - move target A rock wall, spattered with blood.
The wall shatters!
The blast of rock fragments hits the golden dragon!!
The golden dragon is almost dead.
The golden dragon bites you!
You die...

##################
§§§§..§§§#^^§.§.§#
....§##..'^^#.§§§##
#§§§#######+#§§§§§#
###+# #§§§@§#
##§§D§# ###§## #)#
#'# #§§..§§§
#.^§^§.§.
#.§.§§§.§§. ....§.D
§§.


You could see a golden dragon (catching breath).

Vanquished Creatures
  A hydra (D)
  2 centaur warriors (D)
  Sonja (D)
  A deep troll (D)
  A lindwurm (D)
  An oklob plant (D)
  2 unseen horrors (D)
  2 kobold demonologists (D)
  4 demonic crawlers (D)
  A hornet (D)
  A slime creature (D)
  Sigmund (D)
  2 redbacks (D)
  13 hogs (D)
  A yak (D)
  3 floating eyes (D)
  7 necrophages (D)
  An ogre (D)
  8 jellies (D)
  Ijyb (D)
  2 ballistomycete spores (D)
56 creatures vanquished.

Notes
Turn   | Place    | Note
-------+----------+-------------------------------------------
     0 | D        | mhtbhm the Deep Elf Earth Elementalist began the quest for
                  | the Orb.
     0 | D        | Reached XP level 1. HP: 10/10 MP: 6/6
     2 | D        | Noticed Ijyb
    48 | D        | Killed Ijyb
    49 | D        | Reached skill level 4 in Spellcasting
    49 | D        | Reached skill level 5 in Earth Magic
    49 | D        | Reached XP level 2. HP: 12/15 MP: 6/9
   182 | D        | Learned a level 2 spell: Passwall
   309 | D        | Noticed an ogre
   312 | D        | Killed an ogre
   313 | D        | Reached skill level 5 in Stealth
   313 | D        | Reached skill level 1 in Unarmed Combat
   313 | D        | Reached skill level 6 in Spellcasting
   313 | D        | Reached XP level 3. HP: 19/19 MP: 6/12
   313 | D        | Reached XP level 4. HP: 24/24 MP: 7/14
   373 | D        | Noticed Sigmund
   378 | D        | Killed Sigmund
   379 | D        | Reached skill level 5 in Dodging
   379 | D        | Reached skill level 8 in Spellcasting
   379 | D        | Reached XP level 5. HP: 28/28 MP: 9/17
   379 | D        | Reached XP level 6. HP: 32/32 MP: 10/19
   383 | D        | Learned a level 3 spell: Stone Arrow
   389 | D        | Learned a level 5 spell: Lee's Rapid Deconstruction
   394 | D        | Learned a level 4 spell: Petrify
   460 | D        | Found an ornate altar of the Wu Jian Council.
   460 | D        | Found a shimmering blue altar of Sif Muna.
   462 | D        | Found a radiant altar of Vehumet.
   530 | D        | Became a worshipper of Vehumet
   532 | D        | Found Suiwef Qudgh's Weapon Emporium.
   532 | D        | Found an ancient bone altar of Kikubaaqudgha.
   532 | D        | Found a hazy altar of Hepliaklqana.
   532 | D        | Found a stormy altar of Qazlal.
   532 | D        | Found a hide-covered altar of Uskayaw.
   532 | D        | Found a blossoming altar of Fedhas.
   532 | D        | Found a bloodstained altar of Trog.
   532 | D        | Found an iron altar of Okawaru.
   532 | D        | Found a basalt altar of Yredelemnul.
   532 | D        | Found a glowing golden altar of the Shining One.
   532 | D        | Found a snail-covered altar of Cheibriados.
   532 | D        | Found a sacrificial altar of Ru.
   532 | D        | Found a glowing silver altar of Zin.
   532 | D        | Found a shadowy altar of Dithmenos.
   532 | D        | Found a white marble altar of Elyvilon.
   532 | D        | Noticed a yak
   537 | D        | Killed a yak
   538 | D        | Reached skill level 9 in Spellcasting
   538 | D        | Reached skill level 10 in Earth Magic
   606 | D        | Found an opulent altar of Gozag.
   607 | D        | Found a sparkling altar of Nemelex Xobeh.
   613 | D        | Bought 7 curare-tipped darts for 50 gold pieces
   633 | D        | Noticed Sonja
   664 | D        | Killed Sonja
   665 | D        | Reached skill level 12 in Spellcasting
   665 | D        | Reached XP level 7. HP: 37/37 MP: 16/25
   665 | D        | Reached XP level 8. HP: 42/42 MP: 16/26
   685 | D        | Found Cuumuci's Assorted Antiques.
   695 | D        | Bought an ichor-stained helmet for 256 gold pieces
   695 | D        | Identified the +2 helmet of Uckeuwk {Rampage} (You bought
                  | it in a shop in the Dungeon)
   789 | D        | Noticed a deep troll
   796 | D        | Killed a deep troll
   796 | D        | Reached * piety under Vehumet
   796 | D        | Offered knowledge of Foxfire by Vehumet.
   797 | D        | Reached skill level 14 in Spellcasting
   808 | D        | Found Eptuj's Armour Emporium.
   945 | D        | Found a burning altar of Makhleb.
   945 | D        | Found a viscous altar of Jiyva.
   945 | D        | Found a shimmering altar of Xom.
   945 | D        | Found a corrupted altar of Lugonu.
   945 | D        | Noticed a slime creature
   950 | D        | Killed a slime creature
  1056 | D        | Noticed a kobold demonologist
  1057 | D        | Noticed a kobold demonologist
  1058 | D        | Noticed a rust devil
  1059 | D        | Noticed a soul eater
  1059 | D        | Killed a kobold demonologist
  1059 | D        | Reached ** piety under Vehumet
  1059 | D        | Offered knowledge of Freeze by Vehumet.
  1060 | D        | Reached skill level 15 in Spellcasting
  1060 | D        | Reached XP level 9. HP: 46/46 MP: 13/30
  1060 | D        | Noticed a soul eater
  1062 | D        | Killed a kobold demonologist
  1198 | D        | Noticed a lindwurm
  1201 | D        | Killed a lindwurm
  1202 | D        | Reached skill level 16 in Spellcasting
  1311 | D        | Offered knowledge of Poisonous Vapours by Vehumet.
  1311 | D        | Reached *** piety under Vehumet
  1312 | D        | Reached skill level 17 in Spellcasting
  1312 | D        | Reached skill level 15 in Earth Magic
  1313 | D        | Reached **** piety under Vehumet
  1318 | D        | Reached skill level 18 in Spellcasting
  1318 | D        | Reached XP level 10. HP: 51/51 MP: 15/34
  1320 | D        | Reached ***** piety under Vehumet
  1328 | D        | Reached skill level 5 in Transmutations
  1464 | D        | Noticed a 12-headed hydra
  1466 | D        | Offered knowledge of Inner Flame by Vehumet.
  1467 | D        | Killed a 12-headed hydra
  1468 | D        | Reached skill level 1 in Fighting
  1468 | D        | Reached skill level 19 in Spellcasting
  1866 | D        | Noticed a centaur warrior
  1869 | D        | Noticed a centaur warrior
  1869 | D        | Killed a centaur warrior
  1869 | D        | Offered knowledge of Iskenderun's Mystic Blast by Vehumet.
  1872 | D        | Killed a centaur warrior
  1873 | D        | Reached skill level 20 in Spellcasting
  2078 | D        | Offered knowledge of Starburst by Vehumet.
  2192 | D        | Noticed an oklob plant
  2195 | D        | Killed an oklob plant
  2422 | D        | Reached skill level 21 in Spellcasting
  2422 | D        | Reached XP level 11. HP: 56/56 MP: 26/38
  2551 | D        | Offered knowledge of Freezing Cloud by Vehumet.
  2552 | D        | Reached ****** piety under Vehumet
  2730 | D        | Found Aggil's Antique Armour Shoppe.
  2730 | D        | Found Esumov's Jewellery Shop.
  2730 | D        | Found Kioth's General Store.
  2732 | D        | Found Weetin's Antique Weapon Emporium.
  2732 | D        | Found Kylluria's General Store.
  2732 | D        | Found Hemigosh's Armour Shoppe.
  2732 | D        | Found Upliw's Jewellery Boutique.
  2732 | D        | Found Rociel's Jewellery Emporium.
  2732 | D        | Found Ysin's Book Shop.
  2732 | D        | Found Mucviomn's Armour Shoppe.
  2738 | D        | Bought a scroll of holy word for 75 gold pieces
  2738 | D        | Found Qenolov's Antique Armour Boutique.
  2739 | D        | Found Decs's Antique Weapon Emporium.
  2739 | D        | Found Vorchy's Weapon Boutique.
  2740 | D        | Bought a scroll of blinking for 90 gold pieces
  2740 | D        | Found Iqadu's Antique Armour Emporium.
  2743 | D        | Bought a ring of protection from fire for 275 gold pieces
  2744 | D        | Bought an amulet of reflection for 330 gold pieces
  2755 | D        | Learned a level 5 spell: Freezing Cloud
  2818 | D        | Offered knowledge of Orb of Destruction by Vehumet.
  3161 | D        | Noticed a shadow dragon
  3161 | D        | Noticed a golden dragon
  3169 | D        | Slain by a golden dragon

Illustrated notes

Levels and vault maps discovered:
D:        dungeon_sprint_1 [red_sonja_temple_1, red_sonja_temple_small_1]

Skill      XL: |  1  2  3  4  5  6  7  8  9 10 |
---------------+-------------------------------+-----
Dodging        | 3 4 5 6 |  6.6
Stealth        | 3 5 6 8 |  8.6
Spellcasting   | 4 6 8 12 15 18 21 | 21.8
Earth Magic    | 5 7 9 12 14 15 18 | 18.7
Unarmed Combat | 1 2 3 |  3.6
Transmutations | 2 4 5 |  5.3
Fighting       | 1 |  1.5
Short Blades   | |  0.6

Action                   |  1- 3 |  4- 6 |  7- 9 | 10-12 || total
-------------------------+-------+-------+-------+-------++-------
Melee: Unarmed           |    26 |     1 |       |       ||    27
       Dagger            |       |       |       |     3 ||     3
 Cast: Sandblast         |     4 |     5 |     1 |     5 ||    15
       Passwall          |     2 |       |     2 |     2 ||     6
       Lee's Rapid Decon |       |     5 |    22 |    43 ||    70
       Petrify           |       |       |     2 |       ||     2
       Stone Arrow       |       |       |       |     2 ||     2
       Freezing Cloud    |       |       |       |     1 ||     1
  Use: Potion            |     2 |       |       |       ||     2
 Stab: Confused          |     3 |       |       |       ||     3
       Sleeping          |       |       |       |     1 ||     1
Armor: Skin              |     2 |       |       |       ||     2
       Robe              |       |       |     1 |     6 ||     7
Dodge: Dodged            |    18 |     4 |       |    26 ||    48
Block: Other             |       |       |       |     4 ||     4

Table legend: (Time is in decaauts)
 A = Elapsed time spent in this place.
 B = Non-inter-level travel time spent in this place.
 C = Inter-level travel time spent in this place.
 D = Time resting spent in this place.
 E = Time spent auto-exploring this place.
 F = Levels seen in this place.
 G = Mean time per level.
                   A        B        C        D        E       F      G
               +--------+--------+--------+--------+--------+-----+--------+
         Total |   3170 |   3170 |      0 |   2364 |      0 |   1 | 3170.0 |
       Dungeon |   3170 |   3170 |      0 |   2364 |      0 |   1 | 3170.0 |
               +--------+--------+--------+--------+--------+-----+--------+

Top non-repeatable levels by time:
       D: 3170 daAuts
